[Event "St Maxime-02"]
[Site "St Maxime"]
[Date "1982.05.??"]
[Round "9"]
[White "Giffard, Nicolas"]
[Black "Cebalo, Miso"]
[Result "0-1"]
[ECO "E20"]
[WhiteElo "2345"]
[BlackElo "2495"]
[Annotator "Giffard,N"]
[PlyCount "76"]
[EventDate "1982.05.??"]
[EventType "tourn"]
[EventRounds "13"]
[EventCountry "FRA"]
[EventCategory "7"]
[SourceTitle "EXT 2018"]
[Source "ChessBase"]
[SourceDate "2017.10.13"]
[SourceVersion "1"]
[SourceVersionDate "2017.10.13"]
[SourceQuality "1"]
[TimeControl "40/9000:16/5400:0"]

1. d4 Nf6 2. c4 e6 3. Nc3 Bb4 4. g3 c5 5. Nf3 cxd4 6. Nxd4 Ne4 7. Qd3 Qa5 8.
Nb3 Nxc3 9. Bd2 Ne4 10. Qxe4 Bxd2+ 11. Nxd2 O-O 12. Bg2 Nc6 13. Qe3 d5 14. O-O
d4 15. Qd3 e5 16. a3 Be6 (16... f5 17. Nb3 {Ljubojevic,L (2590)-Szmetan,J 
(2400) Konex Buenos Aires 1979 (7) 1-0} (17. b4)) 17. b4 Qc7 18. f4 exf4 19.
gxf4 g6 $146 (19... f6 20. Nb3 {Farago,I (2510)-Kruszynski,W (2285) Rubinstein
Memorial 17th 1979 (2) 1-0}) 20. f5 $2 (20. Ne4 $5 ) 20... Bxf5 21.
Rxf5 $6 {L'attaque Blanche est inexistante} gxf5 22. Qxf5 f6 23. b5 Ne7 24.
Qe6+ Kg7 25. Kh1 Ng6 26. Qd5 Rae8 27. Qxb7 Qxb7 28. Bxb7 Rxe2 29. Rd1 Ne5 30.
Nb3 d3 31. Nd4 Re8 32. h3 Rf2 33. Bd5 d2 34. Kg1 Nd3 35. Ne6+ Kh6 36. c5 Rg8+
37. Kh1 Rg3 38. c6 Re3 0-1

[Event "World Women-ch k.o."]
[Site "Teheran"]
[Date "2017.02.11"]
[Round "1.1"]
[White "Zhukova, Natalia"]
[Black "Khurtsidze, Nino"]
[Result "0-1"]
[ECO "E20"]
[WhiteElo "2447"]
[BlackElo "2383"]
[Annotator "Mikhalchishin,A"]
[PlyCount "62"]
[EventDate "2017.02.11"]
[EventType "k.o."]
[EventRounds "7"]
[EventCountry "IRI"]
[SourceTitle "CBM 177"]
[Source "ChessBase"]
[SourceDate "2017.03.16"]
[SourceVersion "1"]
[SourceVersionDate "2017.03.16"]
[SourceQuality "1"]
[TimeControl "6000+1365"]
[WhiteClock "0:00:49"]
[BlackClock "0:43:15"]

1. d4 Nf6 2. c4 e6 3. Nc3 Bb4 4. f3 d5 5. a3 Bd6 $5 ({In my opinion the old
way is better} 5... Bxc3+ 6. bxc3 b6) 6. e4 dxe4 7. fxe4 e5 8. d5 b5 $5 {
A sharp way, but simpler methods are possible:} (8... c6 9. Nf3 cxd5 10. cxd5
Bg4 11. h3 Bxf3 12. Bb5+ Nfd7 13. Qxf3 O-O 14. O-O a6 15. Bd3 b5 16. a4 bxa4
17. Nxa4 {Yakovich,Y (2566)-Zvjaginsev,V (2663)/Novokuznetsk 2008/CBM 126 (50),
with clearly better play.}) (8... O-O 9. Nf3 Bg4 10. h3 Bh5 11. Bd3 Bc5 12. g4
Bg6 13. Bc2 Re8 14. Bg5 h6 15. Bh4 c6 16. b4 Be7 17. O-O a5 18. Nxe5 axb4 19.
Nxg6 fxg6 20. e5 Nfd7 21. Bxe7 Qxe7 22. Bxg6 bxc3 23. Bxe8 Qxe8 24. e6 Nf6 {
Mamedyarov,S (2764)-Karjakin,S (2767)/Tashkent 2014, with very sharp play.}) 9.
Nf3 ({Possible is of course} 9. cxb5) 9... bxc4 10. Bxc4 O-O 11. Bg5 h6 12. Bh4
Bg4 13. h3 Bh5 14. g4 $5 ({A much safer and logical choice is} 14. O-O Nbd7 15.
Qe2) 14... Bg6 15. Qe2 Nbd7 16. Rg1 ({Once more safer} 16. O-O {would be safer.
}) 16... Qb8 17. Bb5 ({Still it was necessary to care about her own king:} 17.
O-O-O) 17... Qb6 (17... Bc5 {was stronger:} 18. g5 hxg5 19. Rxg5 Bd4) 18. Kf1 (
{A good option was} 18. Na4 Qb8 19. g5) 18... Rab8 (18... Bc5 19. Rg2 Bd4) 19.
Nd2 a6 $2 ({Once more} 19... Bc5 {would be better.}) 20. Nc4 Qa7 21. Nxd6 $2 ({
It was necessary to block fully her opponent's counterplay with} 21. Bxd7 $1
Nxd7 22. b4) 21... cxd6 22. Bf2 (22. Bd3 {was safer:} Rfc8 23. Bf2 Qa8 24. Rg2)
22... Qb7 23. Bxa6 Qxb2 24. Qxb2 Rxb2 25. Re1 Ra8 {And suddenly the endgame is
totally lost for White - all pieces and the king are in the wrong places!} 26.
Bb5 Rxa3 27. Bxd7 Rxc3 28. Bf5 Bxf5 29. gxf5 Rxh3 30. Bg3 Rb3 31. Bf2 Rhf3 0-1

[Event "Cappelle op 32nd"]
[Site "Cappelle la Grande"]
[Date "2016.02.13"]
[Round "1"]
[White "Feller, Sebastien"]
[Black "Shirazi, Kamran"]
[Result "1-0"]
[ECO "E20"]
[WhiteElo "2610"]
[BlackElo "2367"]
[Annotator "Primel,D"]
[PlyCount "125"]
[EventDate "2016.02.13"]
[EventType "swiss"]
[EventRounds "9"]
[EventCountry "FRA"]
[SourceTitle "EXT 2017"]
[Source "ChessBase"]
[SourceDate "2016.10.25"]
[SourceVersion "1"]
[SourceVersionDate "2016.10.25"]
[SourceQuality "1"]
[TimeControl "40/5400+30:1800+30"]
[WhiteClock "1:30:00"]
[BlackClock "1:30:00"]

1. Nf3 Nf6 2. c4 c5 3. Nc3 e6 4. d4 cxd4 5. Nxd4 Bb4 6. g3 Qc7 7. Bg2 Qxc4 (
7... a6) 8. O-O Bxc3 (8... O-O 9. Ncb5 Nc6 10. b3 Qc5 11. a3 Nxd4 12. axb4 Qxb5
13. Qxd4 d5 14. Bg5 Ne4 15. Bxe4 dxe4 16. Ra5 Qxe2 17. Be7 Re8 18. Rg5 g6 19.
Re5 Qd3 20. Qxd3 exd3 21. Bf6 b6 22. Rd1 Ba6 23. b5 Bb7 24. Rxd3 Rec8 25. Re1
Bd5 26. Ra1 h6 27. g4 Rc5 28. Rh3 Kh7 29. Bg5 h5 30. gxh5 gxh5 31. f4 Kg6 32.
Be7 Rxb5 33. Kf2 f6 34. b4 a5 35. Bd6 axb4 36. Rg1+ Kh6 37. Rhg3 Ra2+ 38. Ke3 {
Chatalbashev,B (2550)-Ivanisevic,I (2642) Struga 2012 0-1}) 9. bxc3 a6 $146 (
9... O-O 10. Ba3 Re8 11. Qb3 Qxb3 12. axb3 d5 13. Nb5 Na6 14. Nd6 Rd8 15. c4
Nc7 16. Rfd1 Nce8 17. Nb5 b6 18. e4 Bb7 19. exd5 exd5 20. Nc3 Rd7 21. Bh3 Rdd8
22. Be7 Rdb8 23. Nxd5 Ne4 24. Bg2 N4f6 25. Bxf6 gxf6 26. Ne7+ Kf8 27. Nc6 Rc8
28. Nxa7 Rc7 29. Nb5 Rxa1 30. Rxa1 Re7 31. Bxb7 Rxb7 32. Ra8 {1-0 (32)
Zacurdajev,M (2374)-Shimanov,A (2419) St Petersburg 2007}) 10. e4 O-O (10...
Qxc3 11. e5 Ng8 (11... Qxa1 12. exf6) 12. Be3 $44 Ne7) 11. Ba3 $44 Qc7 (11... Re8 12. e5 Nd5 13. Nf5 $36) 12. Bxf8
Kxf8 13. Qd2 d6 14. Rfd1 Nbd7 15. Nb3 Ne8 16. c4 Rb8 17. Rac1 b6 18. f4 Nc5 19.
Nxc5 Qxc5+ 20. Qd4 Qc7 21. e5 dxe5 22. fxe5 Bb7 23. Bxb7 Rxb7 24. c5 bxc5 25.
Qxc5+ Qxc5+ 26. Rxc5 Ke7 27. Rdc1 Kd7 28. Rd1+ Ke7 29. Rdc1 Kd7 30. Rc6 Nc7 31.
Rd6+ Ke7 32. Rcd1 Nd5 33. Rxa6 f6 34. exf6+ gxf6 35. a4 h5 36. Ra8 f5 37. Rh8
Rb2 38. Rxh5 Ra2 39. Rh4 Nc3 40. Re1 Nxa4 41. Rh7+ Kd6 42. Ra7 Nc3 43. Rxa2
Nxa2 44. h4 Ke7 45. h5 Kf7 46. h6 Nb4 47. Rxe6 Kg8 48. Rf6 Kh7 49. Rxf5 Kxh6
50. Rf6+ Kg5 51. Rd6 Nc2 52. Kg2 Ne3+ 53. Kh3 Nc4 54. Rd5+ Kg6 55. Kh4 Kh6 56.
Rc5 Nd2 57. Rc6+ Kg7 58. Kh5 Ne4 59. g4 Ng3+ 60. Kg5 Ne4+ 61. Kf5 Ng3+ 62. Kf4
Ne2+ 63. Ke3 1-0

[Event "Syre Memorial op 36th"]
[Site "Issy les Moulineaux"]
[Date "2013.05.09"]
[Round "2"]
[White "Dubessay, Bastien"]
[Black "Roser, Kevin"]
[Result "0-1"]
[ECO "E20"]
[WhiteElo "2378"]
[BlackElo "2401"]
[Annotator "Primel,D"]
[PlyCount "80"]
[EventDate "2013.05.08"]
[EventType "swiss"]
[EventRounds "7"]
[EventCountry "FRA"]
[SourceTitle "EXT 2015"]
[Source "ChessBase"]
[SourceDate "2014.11.20"]
[SourceVersion "1"]
[SourceVersionDate "2014.11.20"]
[SourceQuality "1"]
[TimeControl "40/5400+30:1200+30"]

1. d4 Nf6 2. c4 e6 3. Nc3 Bb4 4. g3 O-O (4... c5) (4... d5) 5. Bg2 d5 {
Transpose sur des positions proches de la Catalane} 6. Nf3 dxc4 $1 {Par
rapport à la Catalane, le fait de jouer rapidement Nc3 prive les Blancs
d'option pour récupérer le Pc4} 7. a3 (7. O-O $142 Nc6 8. a3 Be7 9. e4 Na5 $1 (9... Rb8 10. Qe2 Nxd4
11. Qxc4 e5 12. Be3 {Ftacnik,L (2544)-Fernando,D (2449) POR-chT 50th 2008 (6)
1-0} (12. Nxe5 c5 13. Be3 Be6 14. Nd5 b5 $13)) 10. Qe2 (10. Be3 Nb3 11. Rb1)
10... Nb3 11. e5 Nd5 12. Rb1 b5 13. Nxb5 Rb8 14. Qxc4 Nxc1 $11 {Sandipan,C 
(2622)-Bacrot,E (2713) Gibraltar Masters 8th 2010 (5) 1/2}) 7... Be7 8. O-O {
Tente d'améliorer sa position jouée contre l'ancien candidat au titre} (8.
Qa4 a6 9. Qxc4 b5 10. Qd3 Bb7 11. Bg5 Nbd7 12. b4 a5 13. O-O axb4 14. axb4 Bxb4
15. Nxb5 c5 16. dxc5 Rxa1 17. Rxa1 Bxc5 18. Bxf6 Qxf6 19. Qc3 Qxc3 20. Nxc3
Bxf3 21. Bxf3 Ne5 22. Bb7 Bd4 {Radjabov,T (2751)-Topalov,V (2767) Sofia 2008 1/
2-1/2}) (8. e4 $6 c5 $1 9. d5 exd5 10. exd5 Bd6 11. O-O Bf5 12. Re1 Nbd7 13.
Nh4 Bd3 14. Bf1 Bxf1 15. Kxf1 Ne5 16. Bg5 Qd7 17. Bxf6 Qh3+ 18. Ng2 gxf6 19.
Re4 Ng6 20. Kg1 a6 21. a4 f5 22. Rxc4 Rae8 {Dubessay,B (2350)-Kortschnoj,V 
(2519) Geneve 2012 1-0 (53)}) (8. Ne5 Nc6 (8... c5) 9. Bxc6 bxc6 10. Nxc6 Qe8
11. Nxe7+ Qxe7 12. Qa4 c5 13. Qxc4 cxd4 14. Qxd4 e5 $11 {Aronian,L (2737)
-Karjakin,S (2727) Sochi FIDE GP 2008 (5) 1/2}) 8... Nc6 9. e4 $1 a6 {[%cal
Ga8b8,Gb7b5] Joué dans l'esprit de la variante ouverte Nc6 de la Catalane} (
9... Na5 10. Qe2 Nb3 11. Rb1 Nxd4 12. Nxd4 Qxd4 13. Rd1
Qc5 14. Be3 Qa5 15. Bd2 Qa6 16. e5 Nd7 17. b4 c6 18. a4 Qb6 19. a5 Qc7 20. f4
b5 21. Nxb5 cxb5 22. Bxa8 c3 23. Bxc3 Qxc3 24. Qxb5 {Barle,J (2430)-Sisniega,M
(2525) Manila 1992 1-0 (63)}) 10. Qe2 $5 {87 Probablement le fruit de la
préparation nocturne des Blancs qui ont joué trés vite} (10. Be3 Na5 {
Li,C (2710)-Tkachiev,V (2631) Jakarta Indonesia op 2011 (4) 0-1}) (10. Bf4 b5
11. Qe2 Nxd4 12. Nxd4 Qxd4 13. Rad1 $44 {Postny,E (2577)-Macieja,B (2639)
GRE-chT Div-A 38th 2010 (5) 1/2}) 10... Na5 $1 {70} 11. Rd1 $5 $146 (11. Bf4 $142 $1 Re8 (11... c5 12. dxc5 Bxc5 13. Rad1 $44) (11...
Nb3 12. Rad1) (11... b5 12. Rad1 Bb7 13. h4 {Halkias,S (2581)-Lenderman,A 
(2614) Chigorin Memorial rap 20th rapid 2012 (7) 1-0}) 12. Rad1 b5 13. Ne5 $44
{[%cal Gg2a8,Gd4d5];Sandipan,C (2622)-Vallejo Pons,F (2705) Gibraltar Masters
playoff 8th rapid 2010 (1.2) 1/2} (13. d5 $5)) 11... Nb3 $1 {Gagne la paire de
B et force la R à occuper une position passive} 12. Rb1 Nxc1 (12... b5 $5 {
L'alternative pour terminer le développement et laisser la Rb1 sur une
mauvaise case} 13. Bf4 Bb7) 13. Rbxc1 b5 14. d5 $1 {Il faut profiter de la
petite avance de développement pour prendre l'initiative} exd5 15. e5 $1 (15.
Nxd5 $143 Nxd5 16. Rxd5 Qe8 ) 15... c6 $1 16. Nd4 (16. exf6 Bxf6 17. Ne5 Bb7 (17... Re8 18. Nxc6) 18. Ng4 Re8 19. Nxf6+ Qxf6 $11 ) 16... Bd7 17. exf6 Bxf6 18. Nxc6 Bxc6 19. Nxd5 Bxd5 20. Rxd5
Qe8 21. Qc2 Rd8 22. Rc5 Qe7 23. Rc6 Rd6 24. Rxd6 Qxd6 25. Rd1 Qe6 26. Bf3 g6
27. Kg2 Rc8 28. h4 Qe5 29. Rd2 a5 30. Re2 Qc5 31. h5 b4 32. axb4 axb4 33. hxg6
hxg6 34. b3 c3 35. Be4 Kg7 36. Qb1 Re8 37. Qf1 $2 Rh8 38. Bf3 Qf5 39. Qe1 Qh3+
40. Kg1 Bd4 0-1

[Event "Sautron op 18th"]
[Site "Sautron "]
[Date "2018.10.20"]
[Round "5.1"]
[White "Rausis, Igors"]
[Black "Gascon del Nogal, Jose Rafael"]
[Result "1-0"]
[ECO "E20"]
[WhiteElo "2651"]
[BlackElo "2471"]
[Annotator "Primel,D"]
[PlyCount "109"]
[EventDate "2018.10.20"]
[EventType "swiss"]
[EventRounds "9"]
[EventCountry "FRA"]
[SourceTitle "EXT 2021"]
[Source "ChessBase"]
[SourceDate "2020.10.23"]
[SourceVersion "1"]
[SourceVersionDate "2020.10.23"]
[SourceQuality "1"]
[TimeControl "40/5400+30:1800+30"]
[WhiteClock "0:25:59"]
[BlackClock "0:03:49"]

1. d4 Nf6 2. c4 e6 3. Nf3 d5 4. g3 Bb4+ 5. Nc3 {[%emt 0:00:14] Une partie commençant par une
Catalane mais qui transpose dans la variante Romanishin de la Nimzo-Indienne}
O-O 6. Bg2 dxc4 $1 {[%emt 0:01:42] Par
rapport à une Catalane classique, le développement précoce du Nc3 rend la
récupération du P"c4" plus difficile} 7. O-O c5 (7... Nc6 8. a3 (8. Qa4 Nd5 9. Qc2 Be7 10. Rd1 Nb6 11. e4 $13 {Fridman,D 
(2636)-Zherebukh,Y (2633) St Louis Summer-A 2018 (3) 1/2}) 8... Be7 9. e4 Na5 (9... a6 10. Bf4 $44 {Ivanisevic,I (2602)-Perunovic,M 
(2547) SRB-ch Vrsac 2007 (3) 1/2}) 10. Be3 Nb3 11. Rb1 c5 $132 {Gareyev,T 
(2653)-Onischuk,A (2668) USA-ch Saint Louis 2014 (7) 1/2}) 8. dxc5 Qa5 (8... Bxc5 9. Bg5 Nc6 10. Qa4 h6 11. Rad1 Qe7 12.
Bxf6 Qxf6 13. Qxc4 Bb4 14. Nd4 Bxc3 15. Qxc3 Bd7 16. Nxc6 Bxc6 17. Qxf6 gxf6
18. Bxc6 bxc6 19. Rd6 Rfb8 20. Rb1 Rb6 21. b3 c5 22. Rbd1 Rc8 23. Rd8+ Rxd8 24.
Rxd8+ Kg7 25. Rd2 a5 26. Rc2 a4 27. bxa4 Rb4 28. Rxc5 Rxa4 29. Rc2 f5 30. Kf1
f4 31. Ke1 fxg3 32. hxg3 Kf6 33. Kd2 h5 34. Kc3 h4 35. gxh4 Rxh4 36. a3 Ke5 37.
Ra2 Rf4 38. e3 {Bacrot,E (2710)-Shirov,A (2742) Odessa 2010 1-0 (65)}) 9. Qd4 Nc6 (9... Bxc5 10. Qxc4 Nc6 11. Bd2 Be7 12.
Nb5 (12. e4 $5 Rd8 13. Rfd1 $14) 12... Qb6 {Delorme,A (2483)-Rizouk,A (2524)
Catalunya-chT GpA final 2015 (11.1) 1-0}) 10. Qxc4 Qxc5 11. Qxc5 Bxc5 12. Bf4 Bd7 13. Rac1 {[%emt 0:17:25] Le Top GMI a
joué assez lentement l'ouverture et on connait maintenant l'histoire du
scandale de Strasbourg. J'ai néanmoins l'impression que cette partie est
"propre".En effet, il n'obtient pas grand-chose dans l'ouverture et dans la
phase suivante du millieu de jeu où il y a une passe tactique, il a joué
vite et donc sans se rendre aux toilettes pour tricher.  C'est l'intérêt de
sauvegarder le temps de réflexion} Rac8 14. Nb5 Be7 $146 (14... e5 15. Rxc5 exf4 16. Nd6 b6 17. Rcc1 Rcd8
18. gxf4 Nb4 19. a3 Nbd5 20. e3 Ba4 21. Nf5 g6 22. N5d4 Kg7 23. b3 Bd7 24. Ne5
Rfe8 25. Rfd1 h6 26. Rc2 Ng4 27. Bxd5 {1-0 (27) Gleizerov,E (2485)-Enhbat,P 
(2300) Cheliabinsk 1991}) 15. Rfd1 $32 {[%emt 0:03:36][%csl Rd7] Les Blancs
ont une petite avance de développement et une position plus facile à jouer}
e5 $5 16. Nxe5 Nxe5 17. Rxc8 Rxc8 18. Nxa7 Rc5 $1 {
[%emt 0:03:55][%csl Ra7][%cal Ge7d8,Gd8b6,Gb6a7] Essaye d'enfermer le Na7} 19.
b4 $1 Ba4 20. bxc5 Bxd1 21. Bxe5 Bxc5 22. Nc8 Ng4 $1 (22... Bxe2) 23. Bd6
$1 {[%emt 0:01:06] A part le 16ème coup ou le temps de réflexion dépasse 10
mns, tous les coups suivants sont joués rapidement malgré les complications
tactiques} Bxf2+ 24. Kf1 Bd4 25. Ne7+ $1 {[%emt 0:00:35] Forçant le K à s'éloigner du centre et dans la
finale, c'est un facteur important.} Kh8 26. Nf5 Bc3 27. h3 Ne5 28. Bxb7 {[%emt 0:00:50][%csl Ga2,Rh8] Les Blancs ont une bonne finale
avec le P passé protégé} Nc4 (28... g6 29.
Ne3 $16 ) 29. Bc5 Nd2+ 30. Kf2
{[%emt 0:01:50][%csl Gf2,Rh8] La différence d'activité des K donne des
bonnes chances de gain aux Blancs} Bc2 31. Nd6 f5 32. Bd5 h5 33. a3 Bb2 (33... Kh7 $6 {Les Noirs n'ont pas le
temps car Bb4 force l'échange des B} 34. Bb4 $1 Bxb4 (34... Nb1 35. Ba2) 35. axb4 Ba4 36. b5 $40) 34. Bb4 Nb1 35. Nb5 Ba4 36. Ba2 Bxb5 37. Bxb1 g6 38. Bc2 $1 Bd4+ 39. e3 Be5 40. a4 $36 {[%emt 0:00:00][%csl Ga4]
Gagnant un tempo important} Ba6 41. Bd1 Kg7 42. a5 Kf6 43.
Bc5 (43. Be2 Bxe2 44. Kxe2 Bxg3 45. a6 Bb8 46. Bc5 Ke6 47. a7
$18) 43... Ke6 44. Bb3+ Kf6 45. Bd4 $1 (45. Kf3) 45... h4 {[%emt 0:01:03] Une
dernière tentative} 46. gxh4 f4 47. Bxe5+ Kxe5 48. exf4+ Kxf4 49. Bc2 $18 g5 50. h5 Ke5 51. h6 Kf6 52. Bf5 Bc4 53. Kg3 Ba6 54. h7 Kg7 55. Kg4 1-0